 Dungeon Crawl Stone Soup version 0.31.0 (webtiles) character file.

Game seed: 9592461392627742875

5184 MisterFreud the Basher (level 10, -6/65 HPs)
             Began as a Gargoyle Fighter on Jan 19, 2024.
             Was a Believer of Okawaru.
             Mangled by a manticore (10 damage)
             ... on level 9 of the Dungeon.
             The game lasted 00:12:45 (8082 turns).

MisterFreud the Basher (Gargoyle Fighter)           Turns: 8082, Time: 00:12:46

Health: -6/65      AC: 21    Str: 23    XL:     10   Next: 60%
Magic:  13/13      EV:  8    Int: 10    God:    Okawaru [**....]
Gold:   472        SH:  4    Dex:  9    Spells: 9/9 levels left

rFire   + + +        d - +2 hammer "Casaryor" {heavy, *Corrode rF+++ Stlth+}
rCold   . . .        c - +0 buckler
rNeg    + . .        l - +1 chain mail
rPois   ∞            (no helmet)
rElec   +            q - +2 cloak
rCorr   +            (no gloves)
SInv    .            (no boots)
Will    .....        (no amulet) Stlth
                     k - ring of flight
HPRegen 0.30/turn    u - ring of resist corrosion
MPRegen 0.13/turn

%: corrode self (3%)
@: about to teleport, flying
A: sickness immunity, AC +7, negative energy resistance 1, electricity
resistance, torment resistance 1, petrification resistance
a: Renounce Religion, Heroism


You were on level 9 of the Dungeon.
You worshipped Okawaru.
Okawaru was pleased with you.
You visited 2 branches of the dungeon, and saw 10 of its levels.

You collected 472 gold pieces.

Inventory:

Hand Weapons
 d - the +2 hammer "Casaryor" (weapon) {heavy, *Corrode rF+++ Stlth+}
   (You found it on level 3 of the Dungeon)

   rF+++:     It renders you almost immune to fire.
   *Corrode:  It may corrode you when you take damage.
   Stlth+:    It makes you more stealthy.
Armour
 b - a +0 scale mail
 c - a +0 buckler (worn)
 j - a +0 tower shield
 l - a +1 chain mail (worn)
 q - a +2 cloak (worn)
Jewellery
 e - a ring of fire
 k - a ring of flight (left hand)
 s - a ring of positive energy
 u - a ring of resist corrosion (right hand)
 A - a ring of willpower
 B - a +6 ring of dexterity
Wands
 a - a wand of iceblast (6)
 y - a wand of flame (28)
Scrolls
 g - 2 scrolls of blinking
 i - 6 scrolls of teleportation
 n - a scroll of revelation
 t - a scroll of vulnerability
 w - a scroll of immolation
 z - a scroll of amnesia
 C - a scroll of enchant armour
Potions
 f - 3 potions of haste
 h - a potion of cancellation {unknown}
 m - a potion of curing
 o - 2 potions of invisibility
 p - 2 potions of magic
 r - 2 potions of resistance {unknown}
 v - 3 potions of might
 x - a potion of enlightenment {unknown}


   Skills:
 + Level 8.5 Fighting
 * Level 12.1 Maces & Flails
 - Level 6.0 Armour
 - Level 3.2 Shields
 + Level 4.8 Invocations


You had 9 spell levels left.
You didn't know any spells.
Your spell library contained the following spells:

 Spells                   Type           Power      Damage    Failure   Level
 Apportation              Tloc           0%         N/A       94%         1
 Jinxbite                 Hex            0%         N/A       98%         2
 Mercury Vapours          Alch/Air       0%         N/A       98%         2
 Fugue of the Fallen      Necr           0%         N/A       100%        3
 Mephitic Cloud           Conj/Alch/Air  0%         N/A       100%        3
 Ozocubu's Armour         Ice            0%         N/A       100%        3
 Manifold Assault         Tloc           0%         N/A       100%        4
 Alistair's Intoxication  Alch           0%         N/A       100%        5
 Freezing Cloud           Conj/Ice/Air   0%         6-21      100%        5
 Summon Small Mammal      Summ           Unusable   N/A       N/A         1

Dungeon Overview and Level Annotations

Branches:
Dungeon (9/15)             Temple (1/1) D:7
   Lair: D:8-11         Orc: D:9-12

Altars:
Ashenzari
Cheibriados
Elyvilon
Fedhas
Gozag
Hepliaklqana
Kikubaaqudgha
Makhleb
Nemelex Xobeh
Okawaru
Qazlal
Ru
Sif Muna
Trog
Uskayaw
Vehumet
Wu Jian
Xom
Yredelemnul
Zin
The Shining One

Shops:
D:1 *   D:4 [

Annotations:
D:5 Dowan


Innate Abilities, Weirdness & Mutations

You are immune to sickness and miasma.
Your stone body is resilient. (AC +7)
You are immune to poison.
You resist negative energy. (rN+)
You are resistant to electric shocks. (rElec)
You are resistant to unholy torment.
You are immune to petrification.


Message History

The manticore claws you but does no damage.
The manticore claws you.
* * * LOW HITPOINT WARNING * * *
Unknown command.
Okay, then.
Unknown command.
As you read the scroll of teleportation, it crumbles to dust.
You feel strangely unstable. The kobold hits you but does no damage.
The kobold throws a stone.
The stone hits you.
* * * LOW HITPOINT WARNING * * *
The kobold barely misses you. The manticore barely misses you.
You block the manticore's attack.
The manticore claws you but does no damage.
Unknown command.
You feel better.
The kobold hits you but does no damage. x2
The manticore bites you!
* * * LOW HITPOINT WARNING * * *
The manticore claws you.
* * * LOW HITPOINT WARNING * * *
The manticore barely misses you. The kobold hits you but does no damage.
Unknown command.
You feel better.
The kobold hits you but does no damage. x2
The manticore closely misses you.
The manticore claws you but does no damage.
The manticore completely misses you. You block the kobold's attack.
Unknown command.
Unknown command.
You closely miss the manticore.
The manticore is moderately wounded.
You carefully extract the barbed spikes from your body.
The kobold hits you but does no damage. x2; The manticore bites you!
* * * LOW HITPOINT WARNING * * *
The manticore claws you but does no damage.
The manticore claws you.
* * * LOW HITPOINT WARNING * * *
The kobold hits you but does no damage.
The kobold brigand hits you but does no damage.
The kobold completely misses you. You block the kobold's attack.
The manticore barely misses you. The manticore claws you!
You die...

..........
..........
#.........
#.........
#.........
#.........
#.H.......
#K@K......
#KKK......
#.<.......
#.........
#.........
#.........
#.........
#.........
..........


You could see a manticore, a kobold brigand and 4 kobolds.

Vanquished Creatures
  A two-headed ogre (D:8)
  A kobold demonologist (D:8)
  Sigmund (D:5)
  A wyvern (D:8)
  9 yaks
  A steam dragon (D:7)
  Edmund (D:5)
  3 water moccasins
  Duvessa (D:5)
  An orc warrior (D:8)
  2 ice beasts
  A black bear (D:5)
  An ogre (D:6)
  2 centaurs (D:8)
  A phantom (D:6)
  2 kobold brigands
  A bullfrog (D:7)
  A gnoll sergeant (D:8)
  3 scorpions
  A howler monkey (D:6)
  2 jellies
  Crazy Yiuf (D:3)
  8 orc priests
  3 iguanas
  10 orc wizards
  A sleepcap (D:6)
  Robin (D:1)
  6 gnolls
  7 adders
  A shadow imp (D:6)
  3 white imps
  6 ufetubi
  2 ribbon worms
  2 dart slugs
  23 orcs
  5 bats
  5 endoplasms
  5 giant cockroaches
  16 goblins
  6 hobgoblins
  2 quokkas
  6 ball pythons
  5 frilled lizards
  18 kobolds
  A rat (D:1)
180 creatures vanquished.

Vanquished Creatures (others)
  An orc wizard (D:5)
1 creature vanquished.

Grand Total: 181 creatures vanquished

Notes
Turn   | Place    | Note
-------+----------+-------------------------------------------
     0 | D:1      | MisterFreud the Gargoyle Fighter began the quest for the
                  | Orb.
     0 | D:1      | Reached XP level 1. HP: 14/14 MP: 1/1
   106 | D:1      | Found Leryalut's Assorted Antiques.
   130 | D:1      | Reached XP level 2. HP: 19/19 MP: 2/2
   356 | D:1      | Reached skill level 3 in Maces & Flails
   793 | D:2      | Noticed Robin
   891 | D:2      | Reached XP level 3. HP: 23/23 MP: 3/3
  1107 | D:1      | Killed Robin
  1128 | D:2      | Reached skill level 4 in Maces & Flails
  1185 | D:2      | Found a faded altar of an unknown god.
  1301 | D:2      | Reached XP level 4. HP: 25/28 MP: 4/4
  1585 | D:3      | Found a hide-covered altar of Uskayaw.
  1769 | D:3      | Reached skill level 5 in Maces & Flails
  1769 | D:3      | Reached XP level 5. HP: 32/32 MP: 5/5
  1780 | D:3      | Found a runed translucent door.
  1781 | D:3      | Noticed Crazy Yiuf
  2411 | D:3      | Killed Crazy Yiuf
  2416 | D:3      | Identified the +2 hammer "Casaryor" {heavy, *Corrode rF+++
                  | Stlth+}
  2504 | D:3      | Reached skill level 6 in Maces & Flails
  2504 | D:3      | Reached XP level 6. HP: 26/37 MP: 6/6
  2579 | D:4      | Found a shimmering altar of Xom.
  2579 | D:4      | Found a snail-covered altar of Cheibriados.
  2589 | D:4      | Found a hazy altar of Hepliaklqana.
  2591 | D:4      | Found a glowing silver altar of Zin.
  2593 | D:4      | Found a burning altar of Makhleb.
  3286 | D:4      | Found Gilgamesh's Dragon-Slaying Spoils.
  3431 | D:5      | Entered Level 5 of the Dungeon
  3478 | D:5      | Noticed Duvessa
  3484 | D:5      | Reached skill level 7 in Maces & Flails
  3484 | D:5      | Reached XP level 7. HP: 37/41 MP: 7/7
  3811 | D:5      | Noticed Dowan
  4100 | D:6      | Reached skill level 8 in Maces & Flails
  4100 | D:6      | Reached XP level 8. HP: 30/48 MP: 8/8
  4367 | D:6      | Reached skill level 5 in Fighting
  4367 | D:6      | Reached skill level 5 in Armour
  4633 | D:6      | Identified the +0 robe of Gaduguc {Archmagi}
  5240 | D:5      | Killed Duvessa
  5241 | D:5      | Reached skill level 9 in Maces & Flails
  5252 | D:5      | Noticed Sigmund
  5262 | D:5      | Killed Sigmund
  5263 | D:5      | Reached XP level 9. HP: 51/55 MP: 9/9
  5350 | D:5      | Noticed Edmund
  5356 | D:5      | Killed Edmund
  5501 | D:5      | You are sucked into a shaft and drop 3 floors!
  5507 | D:8      | Found a sacrificial altar of Ru.
  5599 | D:8      | Found a shimmering blue altar of Sif Muna.
  5612 | D:8      | Reached skill level 10 in Maces & Flails
  5614 | D:8      | Got Sif Muna's Disquisition on Sidekicks
  5632 | D:9      | Noticed a two-headed ogre
  5632 | D:9      | Noticed a manticore
  5647 | D:8      | Found a sparkling altar of Nemelex Xobeh.
  5693 | D:8      | Noticed a kobold demonologist
  5705 | D:7      | Found an ornate altar of the Wu Jian Council.
  5805 | D:7      | Found a staircase to the Ecumenical Temple.
  5817 | Temple   | Entered the Ecumenical Temple
  5824 | Temple   | Became a worshipper of Warmaster Okawaru
  5880 | D:7      | Found an opulent altar of Gozag.
  6111 | D:7      | Reached skill level 1 in Invocations
  6303 | D:7      | Reached * piety under Okawaru
  6309 | D:7      | HP: 1/57 [yak (12)]
  6312 | D:7      | Reached skill level 11 in Maces & Flails
  6320 | D:7      | Reached XP level 10. HP: 12/63 MP: 12/12
  6662 | D:7      | Found an ancient bone altar of Kikubaaqudgha.
  6663 | D:7      | Found a blossoming altar of Fedhas.
  6999 | D:8      | Killed a kobold demonologist
  7030 | D:8      | Found a radiant altar of Vehumet.
  7381 | D:7      | Reached ** piety under Okawaru
  7939 | D:8      | Killed a two-headed ogre
  7940 | D:8      | Reached skill level 12 in Maces & Flails
  8082 | D:9      | Mangled by a manticore

Illustrated notes

Levels and vault maps discovered:
D:1:      wander_arrival_chamber, layout_loops_ring, serial_shops,
          nicolae_shop_peninsula, minmay_pentomino_v2
D:2:      layout_loops_ring, ebering_ecumenical_altar_sacrificial,
          guppyfry_early_lair_pool, uniq_robin
D:3:      layout_basic, mainiacjoe_overflow_paths, uniq_crazy_yiuf_cottage
D:4:      layout_loops_ring, chequers_temple_overflow_minitemple,
          minmay_misc_feat_plants, nicolae_shop_dragon_depot
D:5:      layout_basic, uniq_edmund, uniq_duvessa, uniq_sigmund
D:6:      layout_basic, cheibrodos_sewer_entry_bend
D:7:      layout_layer_cave, grunt_temple_overflow_growth_and_decay,
          mainiacjoe_overflow_concentric_impassable, lemuel_tele_altar,
          minmay_temple_entry_offerings, amcnicky_mini_pool_small
D:8:      layout_basic, nemelex_xobeh_ov_fountains_minmay, vehumet_crystals,
          led_sif_book, nicolae_ru_great_annihilating_truth
D:9:      layout_long_grid, kennysheep_little_box, orc_0_dummy, serial_demonic,
          serial_demonic_c, serial_demonic_a, serial_demonic_f, serial_demonic_c
Temple:   nicolae_temple_ecumenical_triangle

Skill      XL: |  1  2  3  4  5  6  7  8  9 10 |
---------------+-------------------------------+-----
Maces & Flails | 3 4 5 6 7 8 9 11 12 | 12.1
Fighting       | 4 5 7 8 |  8.5
Armour         | 4 5 6 |  6.0
Invocations    | 3 4 |  4.8
Shields        | |  3.2

Action                     |  1- 3 |  4- 6 |  7- 9 | 10-12 || total
---------------------------+-------+-------+-------+-------++-------
  Melee: Flail             |   142 |    98 |       |       ||   240
         Mace              |       |    51 |   294 |    97 ||   442
    Use: Scroll            |     4 |     8 |       |     6 ||    18
         Potion            |       |     1 |     1 |     2 ||     4
   Stab: Paralysed         |       |       |     1 |       ||     1
 Armour: Scale mail        |   136 |   115 |   282 |       ||   533
         Chain mail        |       |       |   137 |   204 ||   341
  Dodge: Dodged            |    89 |    68 |   229 |    77 ||   463
  Block: Buckler           |    32 |    28 |    97 |    42 ||   199
